Predators vs Canucks
Created - 24 mars 2014 at 19:04
Goals
|
| Predators |
0 |
2 |
1 |
3 |
| Canucks |
0 |
3 |
3 |
6 |
|
Shots
|
| Predators |
5 |
8 |
11 |
24 |
| Canucks |
6 |
7 |
18 |
31 |
|
1st period
No Goal
Penalties :
No Penalty
2nd period
1. Predators , Alexander Ovechkin 36 (Jean-Pierre Dumont, Alexei Yashin) at 3:47 (PP)
2. Canucks , Scott Niedermayer 9 (Unassisted) at 4:14
3. Predators , Jean-Pierre Dumont 24 (Alexander Steen, Robyn Regehr) at 7:48
4. Canucks , David Jones 12 (Fabian Brunnstrom, Ryan Getzlaf) at 10:46
5. Canucks , Fabian Brunnstrom 21 (Derian Hatcher, Ryan Getzlaf) at 19:52
Penalties :
Ryan Getzlaf (Van) for Hooking (Minor) at 3:41, Brett Lebda (Van) for Roughing (Minor) at 8:35, Tomas Fleischmann (Nas) for Holding (Minor) at 19:57
3rd period
6. Canucks , David Jones 13 (Fabian Brunnstrom, Ryan Getzlaf) at 2:18
7. Canucks , Zigmund Palffy 10 (Jiri Hudler, Clarke MacArthur) at 4:55
8. Predators , Tomas Fleischmann 13 (Kris Vernarsky) at 8:42
9. Canucks , Jaromir Jagr 47 (Matt Stajan, Peter Worrell) at 18:02
Penalties :
Michael Grabner (Nas) for Hooking (Minor) at 6:14, Jean-Pierre Dumont (Nas) for Hooking (Minor) at 9:26
Goalie Stats
Josh Tordjman (Nas), 13 saves from 15 shots - (0,867), 17:42 minutes
Kari Lehtonen (Nas), 12 saves from 16 shots - (0,750), L, 29-20-5, 42:18 minutes
Carey Price (Van), 21 saves from 24 shots - (0,875), W, 28-24-5, 60:00 minutes
Players Stats for Predators
Player Name G A P +/- PIM S H SB GA TA FO MP PP MP PK MP
------------------------------------------------------------------------------------
Alexander Edler 0 0 0 -1 0 2 2 3 0 0 0/0 19:25 0:43 3:50
Alexander Ovechkin 1 0 1 -1 0 6 0 0 0 0 1/4 22:58 1:04 3:02
Alexander Steen 0 1 1 0 0 2 1 0 1 0 0/0 17:17 1:01 0:00
Alexei Yashin 0 1 1 0 0 1 3 0 0 0 4/8 17:10 1:04 0:00
Barret Jackman 0 0 0 0 0 0 0 0 0 0 0/0 11:53 0:00 0:00
Danny Richmond 0 0 0 -2 0 1 0 1 0 0 0/0 24:47 0:43 3:50
Georges Laraque 0 0 0 -1 0 0 1 1 0 0 0/1 22:22 1:01 2:55
Jean-Pierre Dumont 1 1 2 0 2 1 3 0 0 0 0/0 17:47 1:04 0:00
Joe Thornton 0 0 0 -1 0 5 1 0 0 1 15/28 21:55 1:01 2:55
Kent Huskins 0 0 0 0 0 0 2 0 1 0 0/0 11:53 0:00 0:00
Kris Vernarsky 0 1 1 -3 0 0 0 0 1 0 4/13 14:49 0:00 0:00
Michael Grabner 0 0 0 -3 2 1 1 0 0 2 0/0 15:05 0:00 0:00
Nick Boynton 0 0 0 0 0 1 0 1 0 0 0/0 5:28 0:00 0:00
Oleg Saprykin 0 0 0 -1 0 1 2 0 0 0 0/1 11:52 0:00 3:02
Paul Mara 0 0 0 0 0 0 0 0 0 0 0/0 5:28 0:00 0:00
Robyn Regehr 0 1 1 -3 0 1 0 2 0 1 0/0 23:14 1:22 2:07
Ryan Mcdonagh 0 0 0 -2 0 0 1 3 0 0 0/0 18:14 1:22 2:07
Tomas Fleischmann 1 0 1 -2 2 2 0 1 1 0 0/0 12:23 0:00 0:00
Players Stats for Canucks
Player Name G A P +/- PIM S H SB GA TA FO MP PP MP PK MP
------------------------------------------------------------------------------------
Brent Sopel 0 0 0 2 0 1 1 0 1 0 0/0 20:09 2:01 0:51
Brett Lebda 0 0 0 1 2 1 2 1 0 0 0/0 12:12 0:00 0:00
Clarke MacArthur 0 1 1 1 0 2 2 3 0 1 0/0 18:53 2:22 0:44
Daniel Paille 0 0 0 -1 0 0 1 0 0 0 0/0 6:51 0:00 0:00
David Jones 2 0 2 3 0 2 3 1 0 0 0/0 14:55 0:00 0:04
Derian Hatcher 0 1 1 2 0 0 1 0 0 0 0/0 20:09 2:01 0:51
Erik Christensen 0 0 0 0 0 0 0 0 0 0 0/0 0:22 0:00 0:00
Fabian Brunnstrom 1 2 3 3 0 6 3 0 0 1 0/0 15:12 0:00 0:00
Jaromir Jagr 1 0 1 0 0 5 2 1 0 1 2/5 24:15 3:35 1:17
Jiri Hudler 0 1 1 1 0 1 3 1 0 0 4/6 17:59 2:22 0:00
Mark Streit 0 0 0 1 0 4 0 2 0 1 0/0 27:23 3:56 1:14
Matt Stajan 0 1 1 1 0 4 3 0 0 0 19/31 20:21 3:35 0:44
Peter Worrell 0 1 1 1 0 2 2 0 0 0 0/2 20:59 3:35 1:21
Ryan Getzlaf 0 3 3 3 2 1 2 0 1 0 4/8 14:16 0:00 0:00
Scott Niedermayer 1 0 1 0 0 0 2 1 1 0 0/0 27:20 3:56 1:14
T.J. Hensick 0 0 0 -1 0 1 1 0 0 0 1/2 6:29 0:00 0:00
Taylor Chorney 0 0 0 1 0 0 1 4 0 0 0/0 12:08 0:00 0:00
Zigmund Palffy 1 0 1 1 0 1 2 0 1 0 1/1 17:59 2:22 0:00
3 Stars
1 - David Jones (Van)
2 - Fabian Brunnstrom (Van)
3 - Ryan Getzlaf (Van)
Power Play
Predators - 1 on 3 Attempt(s) - 33,33%
Canucks - 0 on 3 Attempt(s) - 0,00%
Penalty Kill
Predators - 3 on 3 Attempt(s) - 100,00%
- Score 0 goal in Penalty Kill
Canucks - 2 on 3 Attempt(s) - 66,67%
- Score 0 goal in Penalty Kill
Official
Referees : Charron Francis and Auger Stephane
Linesman : Scott Cherrey and Brian Murphy
Game Notes
4:14 of 2nd period - Penalty Shot by Scott Niedermayer for Canucks - Goal!
Josh Tordjman enters game at 2:18 of 3rd period
Finance
Level 1 -- Attendance: 4097 (68,28%) -- Ticket Income 405 603 $
Level 2 -- Attendance: 5000 (100,00%) -- Ticket Income 260 000 $
Level 3 -- Attendance: 1886 (94,30%) -- Ticket Income 56 580 $
Level 4 -- Attendance: 3841 (96,03%) -- Ticket Income 65 297 $
Luxury Box -- Attendance: 1000 (100,00%) -- Ticket Income 100 000 $
Game was played at the Budweiser Coliseum
Total Attendance: 15824 (87,91%)
Total Ticket Income: 887 480 $
Other Income: 133 122 $
Total Income: 1 020 602 $
Predators
5 vs 5 Forward
Center Left Wing Right Wing Time % Phy DF OF
1 Joe Thornton Alexander Ovechkin Georges Laraque 40 1 2 2
2 Alexei Yashin Alexander Steen Jean-Pierre Dumont 30 1 2 2
3 Kris Vernarsky Tomas Fleischmann Michael Grabner 20 2 1 2
4 Kris Vernarsky Oleg Saprykin Michael Grabner 10 1 2 2
5 vs 5 Defense
Defense Defense Time % Phy DF OF
1 Robyn Regehr Danny Richmond 40 1 2 2
2 Alexander Edler Ryan Mcdonagh 30 1 2 2
3 Barret Jackman Kent Huskins 20 1 2 2
4 Nick Boynton Paul Mara 10 1 2 2
PowerPlay Forward
Center Left Wing Right Wing Time % Phy DF OF
1 Alexei Yashin Alexander Ovechkin Jean-Pierre Dumont 50 1 2 2
2 Joe Thornton Alexander Steen Georges Laraque 50 2 1 2
PowerPlay Defense
Defense Defense Time % Phy DF OF
1 Alexander Edler Danny Richmond 50 1 2 2
2 Robyn Regehr Ryan Mcdonagh 50 1 2 2
Penalty Kill 4 Players Forward
Center Wing Time % Phy DF OF
1 Joe Thornton Georges Laraque 50 1 2 2
2 Alexander Ovechkin Oleg Saprykin 50 1 2 2
Penalty Kill 4 Players Defense
Defense Defense Time % Phy DF OF
1 Alexander Edler Danny Richmond 60 1 2 2
2 Robyn Regehr Ryan Mcdonagh 40 1 2 2
Penalty Kill - 3 Players Forward
Forward Time % Phy DF OF
1 Joe Thornton 60 1 2 2
2 Alexander Ovechkin 40 1 2 2
Penalty Kill - 3 Players Defense
Defense Defense Time % Phy DF OF
1 Alexander Edler Danny Richmond 60 1 2 2
2 Robyn Regehr Ryan Mcdonagh 40 1 2 2
4 vs 4 Forward
Center Wing Time % Phy DF OF
1 Joe Thornton Alexander Ovechkin 50 1 2 2
2 Alexei Yashin Alexander Steen 50 1 2 2
4 vs 4 Defense
Defense Defense Time % Phy DF OF
1 Alexander Edler Danny Richmond 60 1 2 2
2 Robyn Regehr Ryan Mcdonagh 40 1 2 2
Last Minutes Offensive
Center Left Wing Right Wing Defense Defense
Joe Thornton Alexander Ovechkin Michael Grabner Danny Richmond Alexander Edler
Last Minutes Defensive
Center Left Wing Right Wing Defense Defense
Joe Thornton Alexander Ovechkin Georges Laraque Danny Richmond Robyn Regehr
Goaltenders
Starting : Kari Lehtonen
Backup : Josh Tordjman
Extra Forwards
Normal : Oleg Saprykin, Alexei Yashin, Tomas Fleischmann - PP : Oleg Saprykin, Alexei Yashin - PK : Tomas Fleischmann
Extra Defensemen
Normal : Barret Jackman, Ryan Mcdonagh, Nick Boynton - PP : Barret Jackman - PK : Ryan Mcdonagh, Nick Boynton
Penalty Shots
Alexander Ovechkin, Joe Thornton, Georges Laraque, Jean-Pierre Dumont, Alexander Steen
Canucks
5 vs 5 Forward
Center Left Wing Right Wing Time % Phy DF OF
1 Matt Stajan Peter Worrell Jaromir Jagr 40 1 2 2
2 Jiri Hudler Clarke MacArthur Zigmund Palffy 30 1 2 2
3 Ryan Getzlaf Fabian Brunnstrom David Jones 20 1 2 2
4 T.J. Hensick Daniel Paille Jaromir Jagr 10 1 2 2
5 vs 5 Defense
Defense Defense Time % Phy DF OF
1 Mark Streit Scott Niedermayer 40 1 2 2
2 Brent Sopel Derian Hatcher 30 1 2 2
3 Brett Lebda Taylor Chorney 20 1 2 2
4 Mark Streit Scott Niedermayer 10 1 2 2
PowerPlay Forward
Center Left Wing Right Wing Time % Phy DF OF
1 Matt Stajan Peter Worrell Jaromir Jagr 60 1 2 2
2 Jiri Hudler Clarke MacArthur Zigmund Palffy 40 1 2 2
PowerPlay Defense
Defense Defense Time % Phy DF OF
1 Mark Streit Scott Niedermayer 60 1 2 2
2 Brent Sopel Derian Hatcher 40 1 2 2
Penalty Kill 4 Players Forward
Center Wing Time % Phy DF OF
1 Jaromir Jagr Peter Worrell 60 1 2 2
2 Matt Stajan Clarke MacArthur 40 1 2 2
Penalty Kill 4 Players Defense
Defense Defense Time % Phy DF OF
1 Mark Streit Scott Niedermayer 60 1 2 2
2 Brent Sopel Derian Hatcher 40 1 2 2
Penalty Kill - 3 Players Forward
Forward Time % Phy DF OF
1 Jaromir Jagr 60 1 2 2
2 Peter Worrell 40 1 2 2
Penalty Kill - 3 Players Defense
Defense Defense Time % Phy DF OF
1 Mark Streit Scott Niedermayer 60 1 2 2
2 Brent Sopel Derian Hatcher 40 1 2 2
4 vs 4 Forward
Center Wing Time % Phy DF OF
1 Jaromir Jagr Peter Worrell 60 1 2 2
2 Matt Stajan Clarke MacArthur 40 1 2 2
4 vs 4 Defense
Defense Defense Time % Phy DF OF
1 Mark Streit Scott Niedermayer 60 1 2 2
2 Brent Sopel Derian Hatcher 40 1 2 2
Last Minutes Offensive
Center Left Wing Right Wing Defense Defense
Matt Stajan Peter Worrell Jaromir Jagr Mark Streit Scott Niedermayer
Last Minutes Defensive
Center Left Wing Right Wing Defense Defense
Matt Stajan Peter Worrell Jaromir Jagr Mark Streit Scott Niedermayer
Goaltenders
Starting : Carey Price
Backup : José Theodore
Extra Forwards
Normal : Fabian Brunnstrom, Ryan Getzlaf, David Jones - PP : Fabian Brunnstrom, Ryan Getzlaf - PK : David Jones
Extra Defensemen
Normal : Brett Lebda, Taylor Chorney, Brent Sopel - PP : Brett Lebda - PK : Taylor Chorney, Brent Sopel
Penalty Shots
Jaromir Jagr, Peter Worrell, Matt Stajan, Clarke MacArthur, Zigmund Palffy
% Time on Ice - Predators
Lines # - Real PCT - Wanted PCT - Time Play
Normal Forward
1 - 36% - 40% - 18:34
2 - 33% - 30% - 17:24
3 - 20% - 20% - 10:37
4 - 10% - 10% - 5:23
Normal Defense
1 - 39% - 40% - 20:14
2 - 28% - 30% - 14:23
3 - 23% - 20% - 11:53
4 - 11% - 10% - 5:28
PP Forward
1 - 51% - 50% - 1:04
2 - 49% - 50% - 1:01
PP Defense
1 - 34% - 50% - 0:43
2 - 66% - 50% - 1:22
PK Forward
1 - 49% - 50% - 2:55
2 - 51% - 50% - 3:02
PK Defense
1 - 64% - 60% - 3:50
2 - 36% - 40% - 2:07
PK3 Forward
1 - 0% - 60%
2 - 0% - 40%
PK3 Defense
1 - 0% - 60%
2 - 0% - 40%
44 Forward
1 - 0% - 50%
2 - 0% - 50%
44 Defense
1 - 0% - 60%
2 - 0% - 40%
Last Minute Offensive - 0:00
Last Minute Defensive - 0:00
Total
Forward - 60:00
Defense - 60:00
|
% Time on Ice - Canucks
Lines # - Real PCT - Wanted PCT - Time Play
Normal Forward
1 - 31% - 40% - 16:03
2 - 31% - 30% - 15:59
3 - 26% - 20% - 13:27
4 - 12% - 10% - 6:29
Normal Defense
1 - 37% - 40% - 19:13
2 - 33% - 30% - 17:17
3 - 23% - 20% - 12:08
4 - 6% - 10% - 3:20
PP Forward
1 - 60% - 60% - 3:35
2 - 40% - 40% - 2:22
PP Defense
1 - 66% - 60% - 3:56
2 - 34% - 40% - 2:01
PK Forward
1 - 65% - 60% - 1:21
2 - 35% - 40% - 0:44
PK Defense
1 - 59% - 60% - 1:14
2 - 41% - 40% - 0:51
PK3 Forward
1 - 0% - 60%
2 - 0% - 40%
PK3 Defense
1 - 0% - 60%
2 - 0% - 40%
44 Forward
1 - 0% - 60%
2 - 0% - 40%
44 Defense
1 - 0% - 60%
2 - 0% - 40%
Last Minute Offensive - 0:00
Last Minute Defensive - 0:00
Total
Forward - 60:00
Defense - 60:00
|
Play by Play
1st period
0:01 of 1st period - Matt Stajan wins face-off versus Joe Thornton in neutral zone.
0:06 of 1st period - Georges Laraque is hit by Matt Stajan and loses puck.
0:26 of 1st period - Zigmund Palffy is hit by Alexei Yashin and loses puck.
0:42 of 1st period - Icing by Danny Richmond.
0:43 of 1st period - Kris Vernarsky wins face-off versus Ryan Getzlaf in Predators zone.
0:43 of 1st period - Kris Vernarsky is hit by David Jones.
0:51 of 1st period - Snap shot by Danny Richmond.
0:51 of 1st period - Shot Blocked by Taylor Chorney.
1:09 of 1st period - Ryan Mcdonagh is hit by Jaromir Jagr and loses puck.
1:18 of 1st period - Wrist shot by Jaromir Jagr.
1:18 of 1st period - Stopped by Kari Lehtonen without a rebound.
1:19 of 1st period - Matt Stajan wins face-off versus Kris Vernarsky in Predators zone.
1:50 of 1st period - Barret Jackman is hit by Zigmund Palffy and loses puck.
2:33 of 1st period - Snap shot by Matt Stajan.
2:33 of 1st period - Stopped by Kari Lehtonen with a rebound.
2:47 of 1st period - Snap shot by Alexander Edler.
2:47 of 1st period - Shot Blocked by Clarke MacArthur.
2:49 of 1st period - Snap shot by Michael Grabner.
2:49 of 1st period - Stopped by Carey Price with a rebound.
2:51 of 1st period - Slapshot by Ryan Mcdonagh.
2:51 of 1st period - Deflect By Michael Grabner.
2:51 of 1st period - Shot Misses the Net.
2:51 of 1st period - Puck is out of play.
2:52 of 1st period - Alexei Yashin wins face-off versus Matt Stajan in Canucks zone.
2:53 of 1st period - Snap shot by Alexander Steen.
2:53 of 1st period - Shot Misses the Net.
2:55 of 1st period - Wrist shot by Alexander Steen.
2:55 of 1st period - Stopped by Carey Price with a rebound.
2:57 of 1st period - Slapshot by Paul Mara.
2:57 of 1st period - Shot Misses the Net.
2:59 of 1st period - Wrist shot by Nick Boynton.
2:59 of 1st period - Deflect By Jaromir Jagr.
2:59 of 1st period - Stopped by Carey Price with a rebound.
3:01 of 1st period - Snap shot by Alexei Yashin.
3:01 of 1st period - Stopped by Carey Price with a rebound.
3:03 of 1st period - Snap shot by Paul Mara.
3:03 of 1st period - Shot Blocked by Taylor Chorney.
3:05 of 1st period - Slapshot by Alexander Steen.
3:05 of 1st period - Shot Blocked by Brett Lebda.
3:07 of 1st period - Snap shot by Jean-Pierre Dumont.
3:07 of 1st period - Shot Misses the Net.
3:17 of 1st period - Paul Mara is hit by Clarke MacArthur and loses puck.
3:40 of 1st period - Scott Niedermayer is hit by Jean-Pierre Dumont and loses puck.
4:09 of 1st period - Snap shot by Joe Thornton.
4:09 of 1st period - Shot Misses the Net.
4:21 of 1st period - Joe Thornton is hit by David Jones and loses puck.
4:42 of 1st period - Slapshot by Alexei Yashin.
4:42 of 1st period - Shot Blocked by Clarke MacArthur.
4:54 of 1st period - Backhand shot by Matt Stajan.
4:54 of 1st period - Deflect By Jaromir Jagr.
4:54 of 1st period - Stopped by Kari Lehtonen without a rebound.
4:55 of 1st period - Matt Stajan wins face-off versus Kris Vernarsky in Predators zone.
6:21 of 1st period - Snap shot by Alexander Ovechkin.
6:21 of 1st period - Stopped by Carey Price with a rebound.
7:03 of 1st period - Wrist shot by Alexander Steen.
7:03 of 1st period - Shot Misses the Net.
7:05 of 1st period - Slapshot by Paul Mara.
7:05 of 1st period - Shot Blocked by Taylor Chorney.
7:07 of 1st period - Snap shot by Jean-Pierre Dumont.
7:07 of 1st period - Shot Blocked by Taylor Chorney.
8:58 of 1st period - Snap shot by Clarke MacArthur.
8:58 of 1st period - Stopped by Kari Lehtonen with a rebound.
9:56 of 1st period - Wrist shot by Zigmund Palffy.
9:56 of 1st period - Shot Misses the Net.
9:58 of 1st period - Slapshot by Peter Worrell.
9:58 of 1st period - Stopped by Kari Lehtonen with a rebound.
10:00 of 1st period - Wrist shot by Peter Worrell.
10:00 of 1st period - Shot Misses the Net.
10:45 of 1st period - Derian Hatcher is hit by Michael Grabner and loses puck.
12:26 of 1st period - Robyn Regehr is hit by Scott Niedermayer and loses puck.
13:10 of 1st period - Jean-Pierre Dumont is hit by Jiri Hudler and loses puck.
13:29 of 1st period - Alexander Ovechkin is hit by Taylor Chorney and loses puck.
13:52 of 1st period - Oleg Saprykin is hit by Zigmund Palffy and loses puck.
14:14 of 1st period - Snap shot by T.J. Hensick.
14:14 of 1st period - Shot Misses the Net.
14:16 of 1st period - Wrist shot by Mark Streit.
14:16 of 1st period - Shot Blocked by Nick Boynton.
14:18 of 1st period - Wrist shot by Clarke MacArthur.
14:18 of 1st period - Shot Blocked by Ryan Mcdonagh.
14:34 of 1st period - Alexander Steen is hit by David Jones and loses puck.
15:11 of 1st period - Icing by Michael Grabner.
15:12 of 1st period - Kris Vernarsky wins face-off versus Ryan Getzlaf in Predators zone.
15:12 of 1st period - Kris Vernarsky is hit by Ryan Getzlaf.
15:32 of 1st period - Wrist shot by Joe Thornton.
15:32 of 1st period - Shot Blocked by Jiri Hudler.
16:04 of 1st period - Georges Laraque is hit by Fabian Brunnstrom and loses puck.
16:47 of 1st period - Alexander Steen is hit by Ryan Getzlaf and loses puck.
18:33 of 1st period - Zigmund Palffy is hit by Alexander Steen and loses puck.
18:46 of 1st period - Slapshot by Jiri Hudler.
18:46 of 1st period - Shot Misses the Net.
19:02 of 1st period - Snap shot by Fabian Brunnstrom.
19:02 of 1st period - Stopped by Kari Lehtonen with a rebound.
Goals for this period are 0 for Predators vs 0 for Canucks.
Shots for this period are 5 for Predators vs 6 for Canucks.
2nd period
0:01 of 2nd period - Joe Thornton wins face-off versus Matt Stajan in neutral zone.
0:28 of 2nd period - Slapshot by Mark Streit.
0:28 of 2nd period - Shot Blocked by Robyn Regehr.
0:30 of 2nd period - Snap shot by Scott Niedermayer.
0:30 of 2nd period - Deflect By Jiri Hudler.
0:30 of 2nd period - Deflect By Danny Richmond.
0:30 of 2nd period - Shot Misses the Net.
0:30 of 2nd period - Puck is out of play.
0:31 of 2nd period - Alexei Yashin wins face-off versus Jiri Hudler in Predators zone.
0:31 of 2nd period - Alexei Yashin is hit by Jiri Hudler.
1:26 of 2nd period - Snap shot by Tomas Fleischmann.
1:26 of 2nd period - Stopped by Carey Price without a rebound.
1:27 of 2nd period - Alexei Yashin wins face-off versus Jaromir Jagr in Canucks zone.
2:04 of 2nd period - Slapshot by Alexander Ovechkin.
2:04 of 2nd period - Stopped by Carey Price with a rebound.
3:00 of 2nd period - Slapshot by Joe Thornton.
3:00 of 2nd period - Shot Blocked by Mark Streit.
3:29 of 2nd period - Slapshot by Mark Streit.
3:29 of 2nd period - Deflect By Alexander Steen.
3:29 of 2nd period - Stopped by Kari Lehtonen with a rebound.
3:41 of 2nd period - Minor Penalty to Ryan Getzlaf for Hooking.
3:42 of 2nd period - Alexei Yashin wins face-off versus Jaromir Jagr in Canucks zone.
3:47 of 2nd period - Slapshot by Alexander Ovechkin.
3:47 of 2nd period - Goal by Alexander Ovechkin - Predators : 1 - Canucks : 0.
3:48 of 2nd period - Joe Thornton wins face-off versus Matt Stajan in neutral zone.
4:14 of 2nd period - Penalty Shot by Scott Niedermayer for Canucks.
4:14 of 2nd period - Wrist shot by Scott Niedermayer.
4:14 of 2nd period - Goal by Scott Niedermayer - Predators : 1 - Canucks : 1.
4:15 of 2nd period - Matt Stajan wins face-off versus Joe Thornton in neutral zone.
4:16 of 2nd period - Joe Thornton wins face-off versus Matt Stajan in Canucks zone.
4:31 of 2nd period - Snap shot by Alexander Ovechkin.
4:31 of 2nd period - Shot Misses the Net.
4:33 of 2nd period - Wrist shot by Joe Thornton.
4:33 of 2nd period - Stopped by Carey Price with a rebound.
4:43 of 2nd period - Clarke MacArthur is hit by Jean-Pierre Dumont and loses puck.
4:52 of 2nd period - Slapshot by Alexander Edler.
4:52 of 2nd period - Stopped by Carey Price without a rebound.
4:53 of 2nd period - Joe Thornton wins face-off versus Ryan Getzlaf in Canucks zone.
6:20 of 2nd period - Snap shot by Oleg Saprykin.
6:20 of 2nd period - Shot Misses the Net.
6:32 of 2nd period - Jiri Hudler is hit by Alexei Yashin and loses puck.
6:36 of 2nd period - Icing by Clarke MacArthur.
6:37 of 2nd period - Zigmund Palffy wins face-off versus Alexei Yashin in Canucks zone.
6:49 of 2nd period - Jean-Pierre Dumont is hit by Jiri Hudler and loses puck.
7:46 of 2nd period - Wrist shot by Alexander Steen.
7:46 of 2nd period - Stopped by Carey Price with a rebound.
7:48 of 2nd period - Wrist shot by Jean-Pierre Dumont.
7:48 of 2nd period - Goal by Jean-Pierre Dumont - Predators : 2 - Canucks : 1.
7:49 of 2nd period - Joe Thornton wins face-off versus Matt Stajan in neutral zone.
8:23 of 2nd period - Tomas Fleischmann is hit by Daniel Paille and loses puck.
8:35 of 2nd period - Minor Penalty to Brett Lebda for Roughing.
8:36 of 2nd period - Joe Thornton wins face-off versus Jaromir Jagr in Canucks zone.
8:38 of 2nd period - Snap shot by Joe Thornton.
8:38 of 2nd period - Shot Misses the Net.
8:40 of 2nd period - Snap shot by Alexander Steen.
8:40 of 2nd period - Shot Blocked by Mark Streit.
9:17 of 2nd period - Wrist shot by Robyn Regehr.
9:17 of 2nd period - Stopped by Carey Price with a rebound.
9:19 of 2nd period - Snap shot by Jean-Pierre Dumont.
9:19 of 2nd period - Deflect By Alexei Yashin.
9:19 of 2nd period - Shot Misses the Net.
9:19 of 2nd period - Puck is out of play.
9:20 of 2nd period - Jaromir Jagr wins face-off versus Alexei Yashin in Canucks zone.
9:31 of 2nd period - Slapshot by Alexei Yashin.
9:31 of 2nd period - Shot Misses the Net.
9:56 of 2nd period - Off-side.
9:57 of 2nd period - Joe Thornton wins face-off versus Matt Stajan in neutral zone.
10:35 of 2nd period - Penalty to Brett Lebda is over, Brett Lebda is back on ice.
10:42 of 2nd period - Snap shot by Ryan Getzlaf.
10:42 of 2nd period - Shot Blocked by Tomas Fleischmann.
10:44 of 2nd period - Wrist shot by Fabian Brunnstrom.
10:44 of 2nd period - Stopped by Kari Lehtonen with a rebound.
10:46 of 2nd period - Wrist shot by David Jones.
10:46 of 2nd period - Goal by David Jones - Predators : 2 - Canucks : 2.
10:47 of 2nd period - Matt Stajan wins face-off versus Joe Thornton in neutral zone.
10:52 of 2nd period - Joe Thornton is hit by Peter Worrell and loses puck.
10:57 of 2nd period - Snap shot by Matt Stajan.
10:57 of 2nd period - Stopped by Kari Lehtonen with a rebound.
10:59 of 2nd period - Wrist shot by Peter Worrell.
10:59 of 2nd period - Stopped by Kari Lehtonen without a rebound.
11:00 of 2nd period - Matt Stajan wins face-off versus Joe Thornton in Predators zone.
11:07 of 2nd period - Slapshot by Danny Richmond.
11:07 of 2nd period - Shot Blocked by Jaromir Jagr.
12:07 of 2nd period - Alexander Ovechkin is hit by T.J. Hensick and loses puck.
13:07 of 2nd period - Wrist shot by Clarke MacArthur.
13:07 of 2nd period - Shot Blocked by Ryan Mcdonagh.
13:46 of 2nd period - Scott Niedermayer is hit by Oleg Saprykin and loses puck.
14:13 of 2nd period - Scott Niedermayer is hit by Georges Laraque and loses puck.
16:06 of 2nd period - Tomas Fleischmann is hit by Matt Stajan.
16:36 of 2nd period - Danny Richmond is hit by Fabian Brunnstrom and loses puck.
18:02 of 2nd period - Clarke MacArthur is hit by Kent Huskins and loses puck.
18:25 of 2nd period - Slapshot by Taylor Chorney.
18:25 of 2nd period - Deflect By Matt Stajan.
18:25 of 2nd period - Stopped by Kari Lehtonen with a rebound.
18:41 of 2nd period - Tomas Fleischmann is hit by Fabian Brunnstrom and loses puck.
18:48 of 2nd period - Snap shot by T.J. Hensick.
18:48 of 2nd period - Shot Misses the Net.
19:17 of 2nd period - Brent Sopel is hit by Alexander Edler and loses puck.
19:45 of 2nd period - Icing by Brent Sopel.
19:46 of 2nd period - Ryan Getzlaf wins face-off versus Kris Vernarsky in Canucks zone.
19:46 of 2nd period - Ryan Getzlaf is hit by Oleg Saprykin.
19:52 of 2nd period - Snap shot by Fabian Brunnstrom.
19:52 of 2nd period - Goal by Fabian Brunnstrom - Predators : 2 - Canucks : 3.
19:53 of 2nd period - Matt Stajan wins face-off versus Kris Vernarsky in neutral zone.
19:57 of 2nd period - Minor Penalty to Tomas Fleischmann for Holding.
19:58 of 2nd period - Joe Thornton wins face-off versus Peter Worrell in Predators zone.
19:58 of 2nd period - Joe Thornton is hit by Peter Worrell.
Goals for this period are 2 for Predators vs 3 for Canucks.
Shots for this period are 8 for Predators vs 7 for Canucks.
3rd period
0:01 of 3rd period - Alexander Ovechkin wins face-off versus Peter Worrell in neutral zone.
0:16 of 3rd period - Slapshot by Jaromir Jagr.
0:16 of 3rd period - Stopped by Kari Lehtonen with a rebound.
0:26 of 3rd period - Alexander Edler is hit by Scott Niedermayer.
0:30 of 3rd period - Alexander Ovechkin is hit by Derian Hatcher and loses puck.
0:43 of 3rd period - Slapshot by Alexander Ovechkin.
0:43 of 3rd period - Stopped by Carey Price with a rebound.
0:45 of 3rd period - Wrist shot by Oleg Saprykin.
0:45 of 3rd period - Shot Misses the Net.
0:47 of 3rd period - Wrist shot by Oleg Saprykin.
0:47 of 3rd period - Stopped by Carey Price with a rebound.
0:51 of 3rd period - Snap shot by Alexander Ovechkin.
0:51 of 3rd period - Stopped by Carey Price with a rebound.
0:53 of 3rd period - Slapshot by Alexander Edler.
0:53 of 3rd period - Stopped by Carey Price without a rebound.
0:54 of 3rd period - Matt Stajan wins face-off versus Joe Thornton in Canucks zone.
1:43 of 3rd period - Danny Richmond is hit by Brent Sopel and loses puck.
1:57 of 3rd period - Penalty to Tomas Fleischmann is over, Tomas Fleischmann is back on ice.
2:02 of 3rd period - Snap shot by Ryan Getzlaf.
2:02 of 3rd period - Shot Misses the Net.
2:04 of 3rd period - Snap shot by Fabian Brunnstrom.
2:04 of 3rd period - Stopped by Kari Lehtonen without a rebound.
2:05 of 3rd period - Ryan Getzlaf wins face-off versus Kris Vernarsky in Predators zone.
2:14 of 3rd period - Snap shot by Fabian Brunnstrom.
2:14 of 3rd period - Shot Misses the Net.
2:16 of 3rd period - Slapshot by David Jones.
2:16 of 3rd period - Shot Misses the Net.
2:18 of 3rd period - Wrist shot by David Jones.
2:18 of 3rd period - Goal by David Jones - Predators : 2 - Canucks : 4.
2:18 of 3rd period - Josh Tordjman enters game.
2:19 of 3rd period - Joe Thornton wins face-off versus Matt Stajan in neutral zone.
2:51 of 3rd period - David Jones is hit by Alexei Yashin and loses puck.
3:12 of 3rd period - Slapshot by Brent Sopel.
3:12 of 3rd period - Stopped by Josh Tordjman with a rebound.
3:55 of 3rd period - Icing by Barret Jackman.
3:56 of 3rd period - T.J. Hensick wins face-off versus Kris Vernarsky in Predators zone.
4:01 of 3rd period - Snap shot by Jaromir Jagr.
4:01 of 3rd period - Stopped by Josh Tordjman without a rebound.
4:02 of 3rd period - Kris Vernarsky wins face-off versus T.J. Hensick in Predators zone.
4:02 of 3rd period - Kris Vernarsky is hit by Brett Lebda.
4:14 of 3rd period - Backhand shot by T.J. Hensick.
4:14 of 3rd period - Stopped by Josh Tordjman with a rebound.
4:16 of 3rd period - Slapshot by Brett Lebda.
4:16 of 3rd period - Stopped by Josh Tordjman without a rebound.
4:17 of 3rd period - Joe Thornton wins face-off versus Matt Stajan in Predators zone.
4:17 of 3rd period - Joe Thornton is hit by Matt Stajan.
4:47 of 3rd period - Snap shot by Clarke MacArthur.
4:47 of 3rd period - Shot Blocked by Danny Richmond.
4:49 of 3rd period - Slapshot by Mark Streit.
4:49 of 3rd period - Deflect By Robyn Regehr.
4:49 of 3rd period - Stopped by Josh Tordjman without a rebound.
4:50 of 3rd period - Jiri Hudler wins face-off versus Alexander Ovechkin in Predators zone.
4:51 of 3rd period - Wrist shot by Clarke MacArthur.
4:51 of 3rd period - Shot Blocked by Alexander Edler.
4:53 of 3rd period - Backhand shot by Jiri Hudler.
4:53 of 3rd period - Stopped by Josh Tordjman with a rebound.
4:55 of 3rd period - Wrist shot by Zigmund Palffy.
4:55 of 3rd period - Goal by Zigmund Palffy - Predators : 2 - Canucks : 5.
4:56 of 3rd period - Joe Thornton wins face-off versus Matt Stajan in neutral zone.
5:09 of 3rd period - Slapshot by Joe Thornton.
5:09 of 3rd period - Stopped by Carey Price without a rebound.
5:10 of 3rd period - Joe Thornton wins face-off versus Matt Stajan in Canucks zone.
6:14 of 3rd period - Minor Penalty to Michael Grabner for Hooking.
6:15 of 3rd period - Joe Thornton wins face-off versus Matt Stajan in Predators zone.
6:19 of 3rd period - Off-side.
6:20 of 3rd period - Matt Stajan wins face-off versus Joe Thornton in neutral zone.
6:25 of 3rd period - Slapshot by Mark Streit.
6:25 of 3rd period - Stopped by Josh Tordjman without a rebound.
6:26 of 3rd period - Joe Thornton wins face-off versus Matt Stajan in Predators zone.
6:39 of 3rd period - Slapshot by Danny Richmond.
6:39 of 3rd period - Deflect By Scott Niedermayer.
6:39 of 3rd period - Stopped by Carey Price with a rebound.
7:18 of 3rd period - Off-side.
7:19 of 3rd period - Joe Thornton wins face-off versus Jiri Hudler in neutral zone.
7:22 of 3rd period - Clarke MacArthur is hit by Joe Thornton and loses puck.
7:43 of 3rd period - Alexander Ovechkin is hit by Jaromir Jagr and loses puck.
8:14 of 3rd period - Penalty to Michael Grabner is over, Michael Grabner is back on ice.
8:42 of 3rd period - Wrist shot by Tomas Fleischmann.
8:42 of 3rd period - Goal by Tomas Fleischmann - Predators : 3 - Canucks : 5.
8:43 of 3rd period - Matt Stajan wins face-off versus Joe Thornton in neutral zone.
8:56 of 3rd period - Snap shot by Jaromir Jagr.
8:56 of 3rd period - Shot Blocked by Alexander Edler.
9:18 of 3rd period - Wrist shot by Fabian Brunnstrom.
9:18 of 3rd period - Stopped by Josh Tordjman with a rebound.
9:20 of 3rd period - Wrist shot by David Jones.
9:20 of 3rd period - Shot Blocked by Robyn Regehr.
9:26 of 3rd period - Minor Penalty to Jean-Pierre Dumont for Hooking.
9:27 of 3rd period - Matt Stajan wins face-off versus Joe Thornton in Predators zone.
9:34 of 3rd period - Snap shot by Matt Stajan.
9:34 of 3rd period - Shot Blocked by Alexander Edler.
9:36 of 3rd period - Slapshot by Mark Streit.
9:36 of 3rd period - Deflect By Alexander Edler.
9:36 of 3rd period - Stopped by Josh Tordjman without a rebound.
9:37 of 3rd period - Matt Stajan wins face-off versus Joe Thornton in Predators zone.
9:40 of 3rd period - Wrist shot by Matt Stajan.
9:40 of 3rd period - Deflect By Peter Worrell.
9:40 of 3rd period - Shot Blocked by Georges Laraque.
9:40 of 3rd period - Puck is out of play.
9:41 of 3rd period - Matt Stajan wins face-off versus Alexander Ovechkin in Predators zone.
9:50 of 3rd period - Snap shot by Matt Stajan.
9:50 of 3rd period - Stopped by Josh Tordjman without a rebound.
9:51 of 3rd period - Jaromir Jagr wins face-off versus Alexander Ovechkin in Predators zone.
11:26 of 3rd period - Penalty to Jean-Pierre Dumont is over, Jean-Pierre Dumont is back on ice.
11:38 of 3rd period - Snap shot by Tomas Fleischmann.
11:38 of 3rd period - Deflect By Kris Vernarsky.
11:38 of 3rd period - Shot Blocked by David Jones.
11:38 of 3rd period - Puck is out of play.
11:39 of 3rd period - Kris Vernarsky wins face-off versus Ryan Getzlaf in Canucks zone.
11:52 of 3rd period - Wrist shot by Fabian Brunnstrom.
11:52 of 3rd period - Stopped by Josh Tordjman without a rebound.
11:53 of 3rd period - Ryan Getzlaf wins face-off versus Joe Thornton in Predators zone.
12:00 of 3rd period - Snap shot by Ryan Getzlaf.
12:00 of 3rd period - Stopped by Josh Tordjman without a rebound.
12:01 of 3rd period - Ryan Getzlaf wins face-off versus Joe Thornton in Predators zone.
12:10 of 3rd period - Snap shot by Alexander Ovechkin.
12:10 of 3rd period - Shot Misses the Net.
12:14 of 3rd period - Wrist shot by Joe Thornton.
12:14 of 3rd period - Deflect By Alexander Ovechkin.
12:14 of 3rd period - Stopped by Carey Price with a rebound.
12:50 of 3rd period - Slapshot by Joe Thornton.
12:50 of 3rd period - Stopped by Carey Price with a rebound.
12:52 of 3rd period - Wrist shot by Alexander Ovechkin.
12:52 of 3rd period - Shot Misses the Net.
13:49 of 3rd period - Wrist shot by Joe Thornton.
13:49 of 3rd period - Stopped by Carey Price without a rebound.
13:50 of 3rd period - Matt Stajan wins face-off versus Alexei Yashin in Canucks zone.
13:50 of 3rd period - Matt Stajan is hit by Alexander Edler.
14:13 of 3rd period - Icing by Mark Streit.
14:14 of 3rd period - Matt Stajan wins face-off versus Kris Vernarsky in Canucks zone.
14:14 of 3rd period - Matt Stajan is hit by Kent Huskins.
14:44 of 3rd period - Matt Stajan is hit by Jean-Pierre Dumont and loses puck.
16:29 of 3rd period - Georges Laraque is hit by Clarke MacArthur and loses puck.
16:33 of 3rd period - Icing by Danny Richmond.
16:34 of 3rd period - Jiri Hudler wins face-off versus Georges Laraque in Predators zone.
16:49 of 3rd period - Alexei Yashin is hit by Brett Lebda and loses puck.
17:50 of 3rd period - Icing by Jean-Pierre Dumont.
17:51 of 3rd period - Jiri Hudler wins face-off versus Oleg Saprykin in Predators zone.
17:52 of 3rd period - Wrist shot by Clarke MacArthur.
17:52 of 3rd period - Stopped by Josh Tordjman without a rebound.
17:53 of 3rd period - Matt Stajan wins face-off versus Kris Vernarsky in Predators zone.
18:02 of 3rd period - Wrist shot by Jaromir Jagr.
18:02 of 3rd period - Goal by Jaromir Jagr - Predators : 3 - Canucks : 6.
18:03 of 3rd period - Matt Stajan wins face-off versus Joe Thornton in neutral zone.
18:20 of 3rd period - Slapshot by Alexander Ovechkin.
18:20 of 3rd period - Shot Blocked by Scott Niedermayer.
18:54 of 3rd period - Snap shot by Alexander Steen.
18:54 of 3rd period - Shot Blocked by Clarke MacArthur.
18:56 of 3rd period - Snap shot by Alexei Yashin.
18:56 of 3rd period - Shot Misses the Net.
18:58 of 3rd period - Snap shot by Alexander Steen.
18:58 of 3rd period - Deflect By Jean-Pierre Dumont.
18:58 of 3rd period - Shot Misses the Net.
18:58 of 3rd period - Puck is out of play.
18:59 of 3rd period - Matt Stajan wins face-off versus Alexei Yashin in Canucks zone.
19:06 of 3rd period - Slapshot by Matt Stajan.
19:06 of 3rd period - Shot Blocked by Ryan Mcdonagh.
19:13 of 3rd period - Off-side.
19:14 of 3rd period - Matt Stajan wins face-off versus Joe Thornton in neutral zone.
19:29 of 3rd period - Snap shot by Alexander Ovechkin.
19:29 of 3rd period - Deflect By Joe Thornton.
19:29 of 3rd period - Stopped by Carey Price without a rebound.
19:30 of 3rd period - Jiri Hudler wins face-off versus Kris Vernarsky in Canucks zone.
19:30 of 3rd period - Scott Niedermayer is hit by Ryan Mcdonagh and loses puck.
19:45 of 3rd period - Slapshot by Tomas Fleischmann.
19:45 of 3rd period - Shot Misses the Net.
Goals for this period are 1 for Predators vs 3 for Canucks.
Shots for this period are 11 for Predators vs 18 for Canucks.
Output by the SimonT Hockey Simulator (STHS) for François Prévost -- Original Page W3C XHTML 1.0 Valid